 Dungeon Crawl Stone Soup version 0.30-a0-723-gc1506a1cf0 (webtiles) character file.

Game seed: 2581499562425206941

301 omnomnOMINOUS the Ducker (level 6, 0/41 HPs)
             Began as an Octopode Wanderer on Jan 29, 2023.
             Slain by a centaur zombie (5 damage)
             ... in an ossuary.
             The game lasted 00:08:55 (2138 turns).

omnomnOMINOUS the Ducker (Octopode Wanderer)        Turns: 2138, Time: 00:08:56

Health: 0/41       AC:  1    Str: 14    XL:     6   Next: 37%
Magic:  6/10       EV: 13    Int: 16    God:
Gold:   92         SH:  0    Dex:  9    Spells: 5/10 levels left

rFire   + . .      SeeInvis .    a - +4 hand axe (freeze)
rCold   . . .      Faith    +    (no shield)
rNeg    . . .      Spirit   .    b - +0 hat
rPois   .          Reflect  .    f - amulet of faith
rElec   .          Harm     .    p - ring of protection from fire
rCorr   .          Rampage  .    (no ring)
Will    .....                    (no ring)
Stlth   +++                      (no ring)
HPRegen 0.26/turn                (no ring)
MPRegen 0.12/turn                (no ring)
                                 (no ring)
                                 (no ring)

@: no status effects
A: almost no armour, amphibious, 8 rings, camouflage 1, gelatinous body 1,
(nimble swimmer 1), tentacles
a: no special abilities


You were in an ossuary.
You visited 1 branch of the dungeon, and saw 6 of its levels.
You also visited: Ossuary.

You collected 92 gold pieces.

Inventory:

Hand Weapons
 a - a +4 hand axe of freezing (weapon)
 m - a +0 shortbow
 q - a +0 whip
Missiles
 i - 3 curare-tipped darts
 s - 6 silver javelins
Armour
 b - a +0 hat (worn)
Magical Staves
 u - a staff of earth
Jewellery
 f - an amulet of faith (around mantle)
 p - a ring of protection from fire (left tentacle)
Scrolls
 d - a scroll of fog
 e - a scroll of identify
 h - a scroll of poison {unknown}
 n - 2 scrolls of fear {unknown}
 t - 2 scrolls of teleportation
 w - 2 scrolls of blinking {unknown}
Potions
 c - a potion of berserk rage
 g - 2 potions of curing {unknown}
 j - a potion of might {unknown}
 k - a potion of flight {unknown}
 l - 2 potions of haste {unknown}
 o - a potion of heal wounds {unknown}
 r - 3 potions of brilliance {unknown}
 v - 2 potions of mutation {unknown}
 x - 2 potions of magic {unknown}


   Skills:
 + Level 2.8 Fighting
 - Level 2.0 Maces & Flails
 + Level 3.6 Dodging
 - Level 2.6 Stealth
 + Level 2.8 Spellcasting
 + Level 2.8 Conjurations
 - Level 3.0 Fire Magic


You had 5 spell levels left.
You knew the following spells:

 Your Spells              Type           Power      Damage    Failure   Level
a - Foxfire               Conj/Fire      44%        2x1d6     6%          1
b - Iskenderun's Mystic   Conj/Tloc      6%         2d4       71%         4

Your spell library contained the following spells:

 Spells                   Type           Power      Damage    Failure   Level
 Ignite Poison            Fire/Tmut/Pois 5%         N/A       36%         3
 Kindle Blastsparks       Fire/Tloc/Air  10%        2d10      36%         3
 Flame Wave               Conj/Fire      11%        2d6       50%         4
 Fulminant Prism          Conj/Hex       3%         3d5       71%         4
 Irradiate                Conj/Tmut      3%         3d12      96%         5
 Blade Hands              Tmut           1%         N/A       99%         5
 Lee's Rapid Deconstruct  Erth           1%         3d4*      99%         5
 Dragon Form              Tmut           1%         N/A       100%        7


Dungeon Overview and Level Annotations

Branches:
Dungeon (6/15)            Ossuary (1/1)
 Temple: D:4-7

Altars:
Okawaru


Innate Abilities, Weirdness & Mutations

You cannot wear most types of armour.
You are amphibious.
You can wear up to eight rings at the same time.
Your skin changes colour to match your surroundings (Stealth+).
Your rubbery body absorbs attacks. (AC +1, EV +1)
((You are camouflaged when in or above water. (Stealth+)))
You have tentacles for arms and can constrict up to eight enemies at once.


Message History

The centaur zombie barely misses you.
The centaur zombie kicks you but does no damage.
The centaur zombie attacks as you move away!
The centaur zombie hits you.
The centaur zombie completely misses you.
You barely miss the centaur zombie. The centaur zombie barely misses you.
The centaur zombie kicks you but does no damage.
The centaur zombie hits you but does no damage.
The centaur zombie barely misses you.
Casting: Foxfire (safe; 6% risk of failure)
Confirm with . or Enter, or press ? or * to list all spells.
You conjure some foxfire!
The centaur zombie hits you but does no damage.
The centaur zombie kicks you.
You hit the centaur zombie.
The centaur zombie is lightly damaged.
The foxfire hits the centaur zombie.
The centaur zombie is lightly damaged.
The centaur zombie closely misses you. x2; The centaur zombie misses you. x2
You hit the centaur zombie.
The centaur zombie is moderately damaged.
The centaur zombie hits you. The centaur zombie barely misses you.
You slash the centaur zombie!
The centaur zombie is heavily damaged.
The centaur zombie hits you. The centaur zombie closely misses you.
The centaur zombie hits you. The centaur zombie closely misses you.
You hit the centaur zombie.
The centaur zombie is severely damaged.
The centaur zombie hits you.
* * * LOW HITPOINT WARNING * * *
The centaur zombie kicks you.
* * * LOW HITPOINT WARNING * * *
The centaur zombie hits you.
* * * LOW HITPOINT WARNING * * *
The centaur zombie kicks you.
* * * LOW HITPOINT WARNING * * *
Casting: Foxfire (safe; 6% risk of failure)
Confirm with . or Enter, or press ? or * to list all spells.
You conjure some foxfire!
The centaur zombie hits you.
You die...

#....................#
#...##############...#
#...#...#...# Z.#...#
#...#...#...####.#...#
#...####'........#...#
#...#.....∩.######...#
#...#.......#....#...#
#...#.......#..#v#...#
#...#.......####@#...#
#...#..........vZ#...#
#...#.####.^####.#...#
#...#.#..#..# #.#...#
#...#....#.^#Z...#...#
#...######.^######...#
#....................#
#........8..8........#
#....................#


You could see a centaur zombie (ally target).

Vanquished Creatures
  An elf zombie (Ossuary)
  A wight (D:6)
  A human zombie (Ossuary)
  A centaur zombie (Ossuary)
  Jessica (D:2)
  2 mummies (Ossuary)
  Robin (D:2)
  An adder zombie (Ossuary)
  4 bats
  2 endoplasms
  A giant cockroach (D:1)
  9 goblins
  3 hobgoblins
  7 jackals
  2 kobolds
  A quokka (D:5)
  2 ball pythons
  A goblin zombie (Ossuary)
  8 hobgoblin zombies (Ossuary)
  11 kobold zombies (Ossuary)
  7 orc zombies (Ossuary)
  6 rats (D:1)
  A rat zombie (Ossuary)
74 creatures vanquished.

Vanquished Creatures (others)
  117 foxfires
117 creatures vanquished.

Grand Total: 191 creatures vanquished

Notes
Turn   | Place    | Note
-------+----------+-------------------------------------------
     0 | D:1      | omnomnOMINOUS the Octopode Wanderer began the quest for the
                  | Orb.
     0 | D:1      | omnomnOMINOUS set off with the following items: a +0 mace,
                  | a +0 hat, a potion of berserk rage; and the following spell
                  | memorised: Foxfire; and the following spells available to
                  | memorise: Ignite Poison, Flame Wave.
     0 | D:1      | Reached XP level 1. HP: 11/11 MP: 2/2
   197 | D:1      | Reached XP level 2. HP: 18/18 MP: 0/3
   654 | D:2      | Noticed Jessica
   670 | D:2      | Killed Jessica
   671 | D:2      | Reached skill level 1 in Fighting
   671 | D:2      | Reached skill level 1 in Conjurations
   671 | D:2      | Reached XP level 3. HP: 23/23 MP: 1/5
   687 | D:2      | Noticed Robin
   855 | D:2      | Reached XP level 4. HP: 24/28 MP: 3/6
   902 | D:2      | Killed Robin
  1105 | D:2      | Found an iron altar of Okawaru.
  1242 | D:3      | You fall into a shaft and drop 3 floors!
  1262 | D:6      | Reached XP level 5. HP: 34/34 MP: 3/8
  1325 | D:5      | Entered Level 5 of the Dungeon
  1499 | D:4      | Found a sand-covered staircase.
  1530 | D:4      | Learned a level 4 spell: Iskenderun's Mystic Blast
  1531 | Ossuary  | Entered an ossuary
  2070 | Ossuary  | Reached XP level 6. HP: 41/41 MP: 8/10
  2138 | Ossuary  | Slain by a centaur zombie

Illustrated notes

Levels and vault maps discovered:
D:1:      dpeg_arrival_rhombus, layout_basic, minivault_23
D:2:      layout_rooms, basic_altar, hangedman_glass_teeth, uniq_robin,
          uniq_jessica
D:3:      layout_rooms, old_standard_altar, uniq_natasha
D:4:      layout_gridville, kennysheep_mini, nicolae_ossuary_entry_ruins
D:5:      layout_rooms, gammafunk_temple_overflow_statue,
          minmay_temple_entry_glassed_door
D:6:      layout_basic, kennysheep_okawaru_gauntlet, serial_shops,
          nicolae_lakefront_shop, st_stairs_9
Ossuary:  ossuary_tomb_1

Skill      XL: |  1  2  3  4 |
---------------+-------------+-----
Fighting       | 1 2 |  2.8
Conjurations   | 1 2 |  2.8
Spellcasting   | 2 |  2.8
Dodging        | 3 |  3.6
Maces & Flails | |  2.0
Stealth        | |  2.6
Fire Magic     | |  3.0

Action                     |  1- 3 |  4- 6 || total
---------------------------+-------+-------++-------
  Melee: Mace              |     9 |       ||     9
         Tentacles         |     5 |    18 ||    23
         Constrict         |     9 |    22 ||    31
         Whip              |    23 |    12 ||    35
         Hand axe          |       |    60 ||    60
   Cast: Foxfire           |    18 |    51 ||    69
    Use: Scroll            |       |     2 ||     2
   Stab: Sleeping          |     5 |     3 ||     8
 Armour: Skin              |     4 |    12 ||    16
  Dodge: Dodged            |    16 |    52 ||    68

Table legend: (Time is in decaauts)
 A = Elapsed time spent in this place.
 B = Non-inter-level travel time spent in this place.
 C = Inter-level travel time spent in this place.
 D = Time resting spent in this place.
 E = Time spent auto-exploring this place.
 F = Levels seen in this place.
 G = Mean time per level.
                   A        B        C        D        E       F      G
               +--------+--------+--------+--------+--------+-----+--------+
         Total |   2153 |   2080 |     73 |    245 |   1102 |   7 |  307.6 |
       Dungeon |   1533 |   1460 |     73 |     97 |    936 |   6 |  255.5 |
       Ossuary |    619 |    619 |      0 |    148 |    166 |   1 |  619.0 |
               +--------+--------+--------+--------+--------+-----+--------+

Top non-repeatable levels by time:
     D:1: 635 daAuts
 Ossuary: 619 daAuts
     D:2: 608 daAuts
     D:4: 118 daAuts
     D:6: 86 daAuts
     D:5: 85 daAuts
